 Dungeon Crawl Stone Soup version 0.22-a0-185-ge330310 (webtiles) character file.

91 vishdafish the Skirmisher (level 4, -10/35 HPs)
             Began as a Demonspawn Fighter on Feb 15, 2018.
             Killed by divine providence
             ... invoked by an orc priest
              (13 damage)
             ... on level 3 of the Dungeon.
             The game lasted 00:02:41 (1271 turns).

vishdafish the Skirmisher (Demonspawn Fighter)      Turns: 1271, Time: 00:02:42

Health: -10/35     AC:  6    Str: 17    XL:     4   Next: 34%
Magic:  4/4        EV:  7    Int: 10    God:
Gold:   56         SH:  9    Dex: 12    Spells: 3/3 levels left

rFire    + . .     SeeInvis .   a - +0 long sword
rCold    . . .     Gourm    .   c - +0 shield
rNeg     . . .     Faith    .   b - +0 scale mail
rPois    .         Spirit   .   (helmet restricted)
rElec    .         Reflect  .   (no cloak)
rCorr    .         Harm     .   (no gloves)
MR       .....                  (no boots)
Stlth    ..........             (no amulet)
HPRegen  0.11/turn              g - ring of protection from fire
MPRegen  0.09/turn              (no ring)

@: no status effects
A: horns 1, talons 1
a: no special abilities


You were on level 3 of the Dungeon.
You were very hungry.

You visited 1 branch of the dungeon, and saw 3 of its levels.

You collected 56 gold pieces.

Inventory:

Hand Weapons
 a - a +0 long sword (weapon)
Armour
 b - a +0 scale mail (worn)
 c - a +0 shield (worn)
Jewellery
 g - a ring of protection from fire (left hand)
Scrolls
 d - 2 scrolls of identify
 e - 2 scrolls of amnesia
Comestibles
 f - a ration


   Skills:
 + Level 3.5 Fighting
 * Level 3.0 Long Blades
 + Level 3.2 Armour
 + Level 3.2 Shields


You had 3 spell levels left.
You didn't know any spells.

Dungeon Overview and Level Annotations

Branches:
Dungeon (3/15)

Altars:
Okawaru

Portals:
Sewer: D:3


Innate Abilities, Weirdness & Mutations

You have a pair of small horns on your head.
You have sharp toenails.


Message History

Your +0 scale mail unmelds from your body.
The orc priest closely misses you.
You riposte.
Your shield and scale mail prevent you from hitting the orc priest.
You claw the orc priest, but do no damage.
The orc priest is severely wounded.
You hit the orc priest but do no damage.
You claw the orc priest, but do no damage.
The orc priest is severely wounded.
The orc priest hits you with a short sword.
* * * LOW HITPOINT WARNING * * *
The orc priest hits you with a short sword.
* * * LOW HITPOINT WARNING * * *
The orc priest begins to cast a cantrip, but forgets the words!
The orc priest calls upon Beogh to heal the orc priest.
The orc priest is healed somewhat.
The orc priest looks encouraged for a moment.
The orc priest casts a cantrip, but nothing happens.
The orc priest invokes the aid of Beogh against you.
Beogh smites you!
You die...

,,,,*#...)###.#..# #.#o..≈≈≈≈≈
*,,,*#....###.#..######.#..#≈≈≈≈≈
*,,,*####.....#..o.o.oo.##.o.≈≈w≈
#########.#####..########*...#..≈
.................# *,,,,,,,
################o# *,,,,,,*
##....##########.# *,,*****
.............†<#.# *,,*
##....##########@#**** **,*****
.....................# *,>,,,,*
#################....# *,,,,,,*
****,,,,....#* *,,,,,,*
*,,+,,,,.....# *,,,,,,*
*,**,,,,.###.# **+*****
**********,**,,,,.# *.# *,*
,,,,,,,,<*,**,,,,.# *,# *,*
**********,******** *,* *,*


You could see 2 orc priests.

Vanquished Creatures
  A gnoll (D:1)
  3 adders
  2 worms (D:2)
  3 leopard geckos
  2 orcs (D:3)
  A giant cockroach (D:2)
  5 goblins
  3 hobgoblins
  6 jackals
  4 kobolds
  A ball python (D:3)
  6 bats
  4 rats
41 creatures vanquished.

Notes
Turn   | Place    | Note
-------+----------+-------------------------------------------
     0 | D:1      | vishdafish the Demonspawn Fighter began the quest for the Orb.
     0 | D:1      | Reached XP level 1. HP: 18/18 MP: 1/1
    94 | D:1      | Gained mutation: You have sharp toenails. [demonic ancestry]
    94 | D:1      | Reached XP level 2. HP: 21/24 MP: 2/2
   111 | D:1      | HP: 1/24 [gnoll/spear (4)]
   714 | D:1      | Reached XP level 3. HP: 29/29 MP: 3/3
   914 | D:2      | Gained mutation: You have a pair of small horns on your head. [demonic ancestry]
   914 | D:2      | Reached XP level 4. HP: 21/35 MP: 4/4
  1120 | D:3      | Found an iron altar of Okawaru.
  1225 | D:3      | Found a glowing drain.
  1256 | D:3      | HP: 1/35 [orc priest/short sword (2)]
  1271 | D:3      | Killed from afar by an orc priest

Vault maps used:
D:1:      scummos_arrival_gate, grunt_decor_one_mirror, feat_on_display
D:2:      nemelex_altar_shiori
D:3:      nicolae_gozag_cash_rules_everything_around_me,
          nicolae_overflow_hidden_temple, nicolae_overflow_crystal_walls,
          first_ration, cheibrodos_sewer_entry_drain

Skill      XL: |  1  2  3  4 |
---------------+-------------+-----
Long Blades    | 2 3 |  3.0
Armour         | 3 |  3.2
Shields        | 3 |  3.2
Fighting       | |  3.5

Action                   |  1- 3 |  4- 6 || total
-------------------------+-------+-------++-------
Melee: Long sword        |    80 |    43 ||   123
       Kick              |    16 |     5 ||    21
       Headbutt          |       |     4 ||     4
  Use: Potion            |     1 |     2 ||     3
       Scroll            |       |     3 ||     3
Armor: Scale mail        |    48 |    21 ||    69
       Skin              |       |    11 ||    11
Dodge: Dodged            |    32 |    16 ||    48
Block: Shield            |    46 |    25 ||    71
       Rpst.: Long sword |    14 |     6 ||    20

Table legend:
 A = Spawn XP
 B = Non-spawn XP
 C = Spawn XP percentage of total XP
 D = Spawn monster count
 E = Non-spawn monster count
 F = Spawn count percentage of total count
 G = Total turns spent on level
                    A         B        C        D         E        F      G
               +---------+---------+-------+---------+---------+-------+---------
         Total |       0 |     131 |   0.0 |       0 |      41 |   0.0 |  1271
               +---------+---------+-------+---------+---------+-------+---------
           D:1 |       0 |      42 |   0.0 |       0 |      17 |   0.0 |   802
           D:2 |       0 |      59 |   0.0 |       0 |      15 |   0.0 |   250
           D:3 |       0 |      30 |   0.0 |       0 |       9 |   0.0 |   219
               +---------+---------+-------+---------+---------+-------+---------
